 Dungeon Crawl Stone Soup version 0.28-a0-1567-g1695149f81 (webtiles) character file.

Game seed: 5000547344048057949

582 issech the Cudgeller (level 7, 0/67 HPs)
             Began as a Troll Fighter on Jan 20, 2022.
             Killed from afar by Sigmund (2 damage)
             ... with a magic dart
             ... on level 3 of the Dungeon.
             The game lasted 00:13:28 (3081 turns).

issech the Cudgeller (Troll Fighter)                Turns: 3081, Time: 00:13:29

Health: 0/67       AC:  4    Str: 25    XL:     7   Next: 14%
Magic:  6/6        EV:  9    Int:  4    God:
Gold:   197        SH:  9    Dex: 11    Spells: 6/6 levels left

rFire   . . .      SeeInvis .   q - +0 whip
rCold   . . .      Faith    .   c - +1 kite shield
rNeg    . . .      Spirit   .   b - +0 robe
rPois   .          Reflect  .   (helmet restricted)
rElec   .          Harm     .   (no cloak)
rCorr   .          Rampage  .   (gloves unavailable)
Will    .....                   (boots unavailable)
Stlth   +.........              (no amulet)
HPRegen 1.01/turn               l - ring of flight
MPRegen 0.10/turn               (no ring)

@: flying
A: large, unfitting armour, claws 3, regeneration 1, shaggy fur 1, tough skin 1
a: no special abilities


You were on level 3 of the Dungeon.
You visited 1 branch of the dungeon, and saw 3 of its levels.
You also visited: Sewer.

You collected 197 gold pieces.

Inventory:

Hand Weapons
 a - a +0 flail
 n - a +0 short sword
 p - a +0 short sword
 q - a +0 whip (weapon)
 t - a +2 vampiric dagger
 v - a +0 hunting sling
Missiles
 d - 2 curare-tipped darts
 f - 26 bolts
 h - 73 stones (quivered)
 r - 9 poisoned darts
Armour
 b - a +0 robe (worn)
 c - a +1 kite shield (worn)
 o - a +2 leather armour of poison resistance
Jewellery
 l - a ring of flight (left claw)
Scrolls
 m - a scroll of teleportation {unknown}
 s - a scroll of fear {unknown}
Potions
 e - a potion of curing
 g - a potion of degeneration {unknown}
 i - a potion of might
 j - 5 potions of brilliance
 k - 3 potions of haste {unknown}
 u - a potion of cancellation {unknown}


   Skills:
 + Level 3.2 Fighting
 + Level 0.2 Short Blades
 + Level 4.4 Maces & Flails
 + Level 3.9 Dodging
 + Level 4.1 Shields


You had 6 spell levels left.
You didn't know any spells.
Your spell library contained the following spells:

 Spells                   Type           Power      Damage    Failure   Level
 Summon Ice Beast         Ice/Summ       0%         N/A       100%        4
 Summon Mana Viper        Hex/Summ       0%         N/A       100%        5
 Monstrous Menagerie      Summ           0%         N/A       100%        7


Dungeon Overview and Level Annotations

Branches:
Dungeon (3/15)              Sewer (visited)

Altars:

Annotations:
D:3 Sigmund


Innate Abilities, Weirdness & Mutations

You are too large for most types of armour.
You have claws for hands.
Your natural rate of healing is unusually fast.
You are covered in fur. (AC +1)
You have tough skin. (AC +1)


Message History

You hit the adder.
The adder is moderately wounded.
The adder completely misses you.
You hit the adder.
The adder is almost dead.
The adder bites you.
You barely miss the adder.
The adder is almost dead.
You block the adder's attack. Something hits you. Something burns you.
The adder bites you.
You closely miss the adder.
The adder is almost dead.
You block the adder's attack. You block something's attack.
You closely miss the adder.
The adder is almost dead.
The adder misses you. The adder bites you.
You hit the adder.
You kill the adder!
You closely miss the ball python. You block the ball python's attack.
Something hits you! Something burns you.
* * * LOW HITPOINT WARNING * * *
You block the ball python's attack. The ball python bites you.
* * * LOW HITPOINT WARNING * * *
Something hits you!
* * * LOW HITPOINT WARNING * * *
Something burns you.
* * * LOW HITPOINT WARNING * * *
You block the ball python's attack.
You barely miss the ball python. You block the ball python's attack.
Something hits you.
* * * LOW HITPOINT WARNING * * *
Something burns you.
* * * LOW HITPOINT WARNING * * *
The ball python completely misses you.
You whack the ball python!
You kill the ball python!
A magic dart appears from out of thin air!
The magic dart hits you.
You die...

###### #....# #.##.#######
#.#≈##≈÷≈≈.##### #.#.#≈#####.#.@#
#.#≈#≈##≈##≈##†#
###.#≈#≈#≈#≈#≈##{#
....#≈#≈#.#.#.##g################
....#≈#.###≈#≈#.ww...............
#.###≈##≈≈≈≈#≈#......######......
#...#.#######≈#...w..######......
#...##≈≈≈.÷≈≈##..)....w..........
#....##########......###.........


You could see 2 worms and a hobgoblin.

Vanquished Creatures
  Grinder (Sewer)
  A necrophage (Sewer)
  2 kobold brigands (Sewer)
  Terence (D:3)
  2 adders
  3 river rats (D:3)
  2 shadow imps (Sewer)
  4 ufetubi (Sewer)
  A worm (D:3)
  4 ball pythons
  7 bats
  4 endoplasms
  7 giant cockroaches
  5 hobgoblins
  2 jackals (D:1)
  2 quokkas
  3 frilled lizards
  3 goblins
  18 kobolds
  A kobold zombie (Sewer)
  5 rats
78 creatures vanquished.

Vanquished Creatures (others)
  A kobold (D:3)
1 creature vanquished.

Grand Total: 79 creatures vanquished

Notes
Turn   | Place    | Note
-------+----------+-------------------------------------------
     0 | D:1      | issech the Troll Fighter began the quest for the Orb.
     0 | D:1      | Reached XP level 1. HP: 22/22 MP: 0/0
   160 | D:1      | Reached XP level 2. HP: 29/29 MP: 1/1
   956 | D:2      | Reached XP level 3. HP: 29/36 MP: 2/2
  1850 | D:3      | Reached XP level 4. HP: 44/44 MP: 3/3
  1879 | D:3      | Found a glowing drain.
  1883 | Sewer    | Entered a sewer
  2015 | Sewer    | Noticed a kobold brigand
  2066 | Sewer    | Killed a kobold brigand
  2067 | Sewer    | Reached XP level 5. HP: 28/52 MP: 4/4
  2132 | Sewer    | Noticed a necrophage
  2160 | Sewer    | Killed a necrophage
  2161 | Sewer    | Reached XP level 6. HP: 60/61 MP: 5/5
  2198 | Sewer    | Found an ancient bone altar of Kikubaaqudgha.
  2284 | Sewer    | Noticed Grinder
  2286 | Sewer    | Paralysed by Grinder for 6 turns
  2318 | Sewer    | Paralysed by Grinder for 2 turns
  2333 | Sewer    | Paralysed by Grinder for 6 turns
  2359 | Sewer    | HP: 2/61 [Grinder (4)]
  2361 | Sewer    | Paralysed by Grinder for 4 turns
  2367 | Sewer    | HP: 3/61 [Grinder (4)]
  2368 | Sewer    | Killed Grinder
  2369 | Sewer    | Reached XP level 7. HP: 5/67 MP: 6/6
  2791 | D:3      | Noticed Terence
  2806 | D:3      | Killed Terence
  3003 | D:3      | Noticed Sigmund
  3078 | D:3      | HP: 2/67 [something (4)]
  3081 | D:3      | Killed from afar by Sigmund

Illustrated notes

Levels and vault maps discovered:
D:1:      heliophobic_arrival_glass_houses, layout_loops_ring
D:2:      layout_loops_corners
D:3:      layout_basic, gup_sewer_entry_spiral, uniq_terence, uniq_sigmund

Skill      XL: |  1  2  3  4  5  6  7 |
---------------+----------------------+-----
Maces & Flails | 2 3 4 |  4.4
Dodging        | 3 |  3.9
Shields        | 3 4 |  4.1
Fighting       | 3 |  3.2
Short Blades   | |  0.2

Action                   |  1- 3 |  4- 6 |  7- 9 || total
-------------------------+-------+-------+-------++-------
Melee: Flail             |   159 |   150 |       ||   309
       Dagger            |       |     3 |       ||     3
       Whip              |       |       |    34 ||    34
  Use: Scroll            |     4 |       |       ||     4
       Potion            |       |     4 |       ||     4
Armor: Robe              |    86 |    53 |    12 ||   151
Dodge: Dodged            |    89 |    92 |    32 ||   213
Block: Kite shield       |    73 |   129 |    45 ||   247

Table legend: (Time is in decaauts)
 A = Elapsed time spent in this place.
 B = Non-inter-level travel time spent in this place.
 C = Inter-level travel time spent in this place.
 D = Time resting spent in this place.
 E = Time spent auto-exploring this place.
 F = Levels seen in this place.
 G = Mean time per level.
                   A        B        C        D        E       F      G
               +--------+--------+--------+--------+--------+-----+--------+
         Total |   3220 |   3126 |     94 |    130 |   1518 |   4 |  805.0 |
       Dungeon |   2364 |   2270 |     94 |      0 |   1444 |   3 |  788.0 |
         Sewer |    856 |    856 |      0 |    130 |     74 |   1 |  856.0 |
               +--------+--------+--------+--------+--------+-----+--------+

Top non-repeatable levels by time:
     D:2: 954 daAuts
   Sewer: 856 daAuts
     D:1: 783 daAuts
     D:3: 625 daAuts
